 Dungeon Crawl Stone Soup version 0.24-a0-29-g43a6aff (console) character file.

Game seed: 1851422604743145775

21560 Duffy the Eye of the Storm (level 12, -7/97 HPs)
             Began as a Naga Fighter on Feb 2, 2019.
             Was a Priest of Qazlal.
             Mangled by an orc warrior
             ... wielding a cursed -1 glaive
              (8 damage)
             ... on level 1 of the Orcish Mines.
             The game lasted 00:25:15 (12981 turns).

Duffy the Eye of the Storm (Naga Fighter)          Turns: 12981, Time: 00:25:15

Health: -7/97      AC: 25    Str: 24    XL:     12   Next: 91%
Magic:  21/21      EV:  7    Int: 13    God:    Qazlal [***...]
Gold:   421        SH:  0    Dex: 17    Spells: 11/11 levels left

rFire    + . .     SeeInvis +   a - +0 war axe
rCold    . . .     Gourm    .   c - +0 shield
rNeg     . . .     Faith    +   e - +2 troll leather armour {Snorg}
rPois    +         Spirit   .   r - +0 helmet
rElec    +         Reflect  .   s - +0 cloak
rCorr    .         Harm     .   (no gloves)
MR       +++..                  t - +4 naga barding {rF+}
Stlth    +.........             S - amulet of faith
HPRegen  0.66/turn              g - ring "Nutetib" {rElec MR++ Str+5 Int+4 Dex+2}
MPRegen  0.17/turn              V - +4 ring of protection

@: confused, very slow
A: large, see invisible, deformed body, poison resistance, slowness 2, slow
metabolism 1, spit poison 1, AC +4
a: Spit Poison, Upheaval, Elemental Force, Renounce Religion


You were on level 1 of the Orcish Mines.
You worshipped Qazlal.
Qazlal was most pleased with you.
You were not hungry.

You visited 3 branches of the dungeon, and saw 14 of its levels.
You also visited: Ossuary.

You collected 941 gold pieces.
You spent 520 gold pieces at shops.

Inventory:

Hand Weapons
 a - a +0 war axe (weapon)
 k - a +0 blowgun
 Y - a +0 hand axe of flaming
Missiles
 N - 2 throwing nets (quivered)
Armour
 c - a +0 shield (worn)
 e - a +2 troll leather armour (worn) {Snorg}
 r - a +0 helmet (worn)
 s - a +0 cloak (worn)
 t - a +4 naga barding of fire resistance (worn)
 v - a +1 leather armour of fire resistance
 F - a +3 chain mail of cold resistance
 U - a +0 plate armour of magic resistance
Jewellery
 g - the ring "Nutetib" (left hand) {rElec MR++ Str+5 Int+4 Dex+2}
   (You found it on level 5 of the Dungeon)

   [ring of strength]

   It affects your strength (+5).
   It affects your intelligence (+4).
   It affects your dexterity (+2).
   It insulates you from electricity.
   It affects your resistance to hostile enchantments.
 p - an uncursed ring of protection from magic
 I - an uncursed ring of protection from cold
 S - an amulet of faith (around neck)
 V - a +4 ring of protection (right hand)
Wands
 l - a wand of digging (5)
 x - a wand of flame (11)
 M - a wand of disintegration (27)
 Q - a wand of paralysis (10)
Scrolls
 j - a scroll of fear
 n - 2 scrolls of enchant armour
 o - 4 scrolls of teleportation
 q - 9 scrolls of remove curse
 y - 2 scrolls of identify
 D - 2 scrolls of noise {unknown}
 J - 2 scrolls of fog
 K - 2 scrolls of summoning {unknown}
 L - a scroll of blinking
 O - 5 scrolls of immolation {unknown}
 P - a scroll of brand weapon {unknown}
 R - a scroll of magic mapping
 T - a scroll of acquirement {unknown}
 W - a scroll of silence {unknown}
Potions
 b - a potion of invisibility
 d - a potion of might
 h - 5 potions of lignification
 i - 2 potions of agility
 m - 5 potions of flight
 u - 5 potions of curing
 w - 2 potions of brilliance
 z - a potion of haste
 A - 3 potions of mutation
 C - 2 potions of ambrosia
 G - a potion of cancellation
 H - 2 potions of heal wounds
Comestibles
 f - 20 rations
 B - 7 chunks of flesh


   Skills:
 + Level 3.3 Fighting
 - Level 10.0 Axes
 - Level 8.0 Armour
 + Level 1.0 Dodging
 - Level 9.0 Shields
 + Level 12.7 Invocations
 - Level 5.0 Evocations


You had 11 spell levels left.
You didn't know any spells.
Your spell library was empty.

Dungeon Overview and Level Annotations

Branches:
Dungeon (11/15)            Temple (1/1) D:5            Lair (0/6) D:11
    Orc (2/2) D:11            Elf (0/3) Orc:2

Altars:
Ashenzari
Cheibriados
Dithmenos
Elyvilon
Fedhas
Gozag
Hepliaklqana
Kikubaaqudgha
Makhleb
Nemelex Xobeh
Okawaru
Qazlal
Ru
Sif Muna
Trog
Uskayaw
Vehumet
Wu Jian
Xom
Yredelemnul
Zin
The Shining One

Shops:
D:7 *   D:9 ??%=   Orc:1 %

Annotations:
D:5 1 runed translucent door, Zanta616's ghost, novice OgFE
Orc:2 Azrael


Innate Abilities, Weirdness & Mutations

You cannot wear boots.
Your serpentine skin is tough. (AC +4)
You have supernaturally acute eyesight. (SInv)
Armour fits poorly on your strangely shaped body.
Your system is resistant to poisons. (rPois)
You cover ground very slowly.
You have a slow metabolism.
You can spit poison.


Message History

The orc warrior hits you with a +0 short sword!
The orc warrior barely misses you.
You slash the orc warrior!
The orc warrior is severely wounded.
You closely miss the orc warrior. You block the orc warrior's attack. x2
You slash the orc warrior!
The orc warrior is almost dead.
You hit the orc warrior but do no damage.
You block the orc warrior's attack. x2
Really quaff the potion of lignification?
Okay, then.
Unknown command.
You are confused.
You feel invigorated.
The orc warrior hits you but does no damage.
The orc warrior hits you with a cursed -1 glaive!!
The orc warrior hits you with a +0 short sword!
The orc warrior hits you with a +0 short sword!!
The orc warrior hits you with a cursed -1 glaive!
You die...

##.#.....#~~~...##.
#........~~~~~..###
##.#.......\~~..#.#
####....~~~~~...[.
#.....~~~##..<.
##......###.[.)
###......###... ###
#....#........#
##@###...##.......##
##oo[.#^.#####.[..##
##.#..##...##..)..##
#..............####
##.##....#.....#
##......##.....##
##.......###.....#
#....#.....##.#.##
##..###.....#####


You could see 2 orc warriors.

Vanquished Creatures
  An orc warlord (D:11)
  Harold (D:6)
  2 hydras (D:11)
  A death yak (D:10)
  2 unseen horrors (D:11)
  An orc knight (Orc:1)
  4 orc sorcerers
  A cyclops (D:10)
  Joseph (D:8)
  A kobold demonologist (D:10)
  A troll (D:10)
  3 hippogriffs
  2 dream sheep (D:11)
  A shadow (D:8)
  A vampire (D:10)
  Eustachio (D:5)
  A basilisk (D:10)
  26 yaks
  2 hungry ghosts
  5 wargs
  Edmund (D:5)
  3 sky beasts
  Duvessa (D:4)
  A hell hound (Orc:1)
  A water moccasin (D:2)
  8 orc warriors
  2 black bears
  2 ice beasts
  2 phantoms
  A centaur (D:10)
  A crocodile (D:10)
  4 ogres
  Blork the orc (D:6)
  5 big kobolds
  5 bullfrogs
  An elf zombie (Ossuary)
  Dowan (D:4)
  A scorpion (D:7)
  8 killer bees
  2 electric eels
  7 howler monkeys
  3 wights
  6 crimson imps
  3 bullfrog zombies
  A human zombie (Ossuary)
  A quasit (D:8)
  2 centaur zombies
  4 hounds
  4 centaur skeletons
  10 orc wizards
  2 bullfrog skeletons
  6 orc priests
  Jessica (D:3)
  Ijyb (D:3)
  2 iguanas
  7 worker ants
  4 ogre zombies (Ossuary)
  A hound zombie (D:7)
  2 hound skeletons
  7 mummies (Ossuary)
  2 howler monkey zombies
  A worker ant zombie (D:6)
  4 gnolls (D:5)
  11 adders
  3 shadow imps
  2 oozes
  2 adder skeletons
  5 adder zombies
  5 worms
  6 dart slugs
  6 leopard geckos
  43 orcs
  12 ball pythons
  8 bats
  5 giant cockroaches
  9 goblins
  7 hobgoblins
  15 jackals
  15 kobolds
  3 quokkas
  5 frilled lizards
  7 goblin zombies (Ossuary)
  3 hobgoblin zombies (Ossuary)
  A jackal skeleton (D:6)
  2 kobold zombies (Ossuary)
  A leopard gecko zombie (D:5)
  An orc zombie (Ossuary)
  4 quokka zombies (Ossuary)
  5 rats
  2 rat zombies (Ossuary)
378 creatures vanquished.

Vanquished Creatures (collateral kills)
  Snorg (D:10)
1 creature vanquished.

Vanquished Creatures (others)
  An orc (Orc:2)
  A quokka (D:8)
  A plant (D:11)
3 creatures vanquished.

Grand Total: 382 creatures vanquished

Notes
Turn   | Place    | Note
-------+----------+-------------------------------------------
     0 | D:1      | Duffy the Naga Fighter began the quest for the Orb.
     0 | D:1      | Reached XP level 1. HP: 21/21 MP: 1/1
   288 | D:2      | Reached XP level 2. HP: 28/28 MP: 2/2
   405 | D:2      | Reached XP level 3. HP: 31/34 MP: 3/3
   570 | D:2      | Reached XP level 4. HP: 10/42 MP: 4/4
   780 | D:3      | Reached XP level 5. HP: 47/49 MP: 5/5
   884 | D:5      | Entered Level 5 of the Dungeon
   986 | D:5      | Reached XP level 6. HP: 53/56 MP: 6/6
   988 | D:5      | Got a twitching turquoise ring
   989 | D:5      | Identified the ring "Nutetib" {rElec MR++ Str+5 Int+4
                  | Dex+2} (You found it on level 5 of the Dungeon)
  1169 | D:4      | Found a shattered altar of Ashenzari.
  1172 | D:4      | Found a hide-covered altar of Uskayaw.
  1175 | D:4      | Found a basalt altar of Yredelemnul.
  1178 | D:4      | Found a hazy altar of Hepliaklqana.
  1356 | D:3      | Noticed a water moccasin
  1399 | D:5      | Noticed Duvessa
  1399 | D:5      | Noticed Dowan
  1604 | D:5      | Reached XP level 7. HP: 55/62 MP: 7/7
  1642 | D:5      | HP: 3/62 [killer bee (7)]
  1643 | D:5      | Reached skill level 5 in Axes
  1648 | D:5      | HP: 3/62 [poisoned by a killer bee]
  1873 | D:5      | Found a staircase to the Ecumenical Temple.
  1884 | Temple   | Entered the Ecumenical Temple
  1994 | Temple   | Became a worshipper of Qazlal Stormbringer
  3022 | D:2      | Reached skill level 1 in Invocations
  3022 | D:2      | Reached XP level 8. HP: 69/69 MP: 8/8
  3210 | D:3      | Noticed Ijyb
  3227 | D:3      | Killed Ijyb
  3391 | D:3      | Noticed Jessica
  3396 | D:3      | Killed Jessica
  3576 | D:3      | Reached * piety under Qazlal
  3870 | D:4      | Killed Duvessa
  3870 | D:4      | Reached skill level 5 in Armour
  3870 | D:4      | Reached skill level 5 in Shields
  3870 | D:4      | Reached skill level 2 in Invocations
  3880 | D:4      | Killed Dowan
  4333 | D:5      | Found a runed translucent door.
  4336 | D:5      | Noticed Zanta616's ghost (novice OgFE)
  4572 | D:5      | Reached skill level 3 in Invocations
  4732 | D:5      | Noticed Eustachio
  4740 | D:5      | Killed Eustachio
  4740 | D:5      | Reached XP level 9. HP: 75/75 MP: 11/11
  4891 | D:5      | Reached skill level 4 in Invocations
  4911 | D:6      | Noticed Edmund
  4934 | D:5      | Killed Edmund
  5024 | D:6      | Reached ** piety under Qazlal
  5284 | D:6      | Noticed Blork the orc
  5301 | D:6      | Killed Blork the orc
  5683 | D:6      | Reached skill level 5 in Invocations
  5716 | D:7      | Noticed Harold
  5950 | D:7      | Found a sand-covered staircase.
  6092 | D:7      | Found Lukoxt's General Store.
  6114 | Ossuary  | Entered an ossuary
  6403 | Ossuary  | Reached *** piety under Qazlal
  6663 | D:7      | Bought a scroll of identify for 20 gold pieces
  6663 | D:7      | Bought a scroll of identify for 20 gold pieces
  6882 | D:6      | Killed Harold
  6882 | D:6      | Reached skill level 6 in Invocations
  6882 | D:6      | Reached XP level 10. HP: 24/84 MP: 14/14
  7737 | D:8      | Found a blossoming altar of Fedhas.
  7864 | D:8      | Noticed Joseph
  7877 | D:8      | Killed Joseph
  7877 | D:8      | Reached skill level 1 in Evocations
  7900 | D:8      | Found a white marble altar of Elyvilon.
  8538 | D:9      | Reached skill level 7 in Invocations
  8552 | D:9      | Found Ethraj's Jewellery Boutique.
  8628 | D:9      | Found Gurenkei's Magic Scroll Emporium.
  8662 | D:9      | Reached **** piety under Qazlal
  8693 | D:9      | Reached XP level 11. HP: 90/90 MP: 16/16
  8839 | D:9      | Found Oxim Bax's Magic Scroll Shop.
  8877 | D:9      | Found Nazayss's Food Boutique.
  8935 | D:9      | Found an ornate altar of the Wu Jian Council.
  9230 | D:9      | Bought an uncursed amulet of faith for 480 gold pieces
  9254 | D:10     | Entered Level 10 of the Dungeon
  9718 | D:10     | Noticed Snorg
 10060 | D:10     | Killed Snorg
 10060 | D:10     | Reached skill level 8 in Invocations
 10551 | D:11     | Noticed a cyclops
 10668 | D:10     | Killed a cyclops
 10853 | D:11     | Reached ***** piety under Qazlal
 10889 | D:11     | Noticed a six-headed hydra
 10939 | D:11     | Noticed a death yak
 10978 | D:10     | Killed a death yak
 10978 | D:10     | Reached skill level 5 in Evocations
 11078 | D:11     | Noticed an unseen horror
 11212 | D:10     | Reached skill level 9 in Invocations
 11246 | D:11     | Killed an unseen horror
 11246 | D:11     | Reached XP level 12. HP: 97/97 MP: 18/18
 11271 | D:11     | Killed a six-headed hydra
 11271 | D:11     | Reached skill level 10 in Axes
 11466 | D:11     | Found a staircase to the Lair.
 11684 | D:11     | Found a staircase to the Orcish Mines.
 11801 | D:11     | Reached skill level 10 in Invocations
 11828 | D:11     | Noticed a two-headed hydra
 11846 | D:11     | Killed an eight-headed hydra
 12220 | Orc:1    | Entered Level 1 of the Orcish Mines
 12220 | Orc:1    | Found Kyth's Food Emporium.
 12220 | Orc:1    | Noticed an orc warlord
 12244 | D:11     | Reached skill level 11 in Invocations
 12518 | D:11     | Killed an orc warlord
 12518 | D:11     | Reached skill level 12 in Invocations
 12913 | Orc:2    | Entered Level 2 of the Orcish Mines
 12913 | Orc:2    | Found a staircase to the Elven Halls.
 12913 | Orc:2    | Noticed an orc warlord
 12914 | Orc:2    | Noticed Azrael
 12972 | Orc:1    | Reached skill level 1 in Dodging
 12981 | Orc:1    | HP: 1/97 [orc warrior/+0 short sword (22)]
 12981 | Orc:1    | Mangled by an orc warrior

Vault maps used:
D:1:      minmay_arrival_nine_rooms, st_stairs_7
D:3:      uniq_ijyb, uniq_jessica
D:4:      grunt_temple_overflow_cloverleaf, first_ration, minmay_snake_closets
D:5:      minmay_razor_zed, temple_green, ebering_ghost_sewer_d,
          nrook_mini_vaults, grunt_decor_mini_mirrors, uniq_duvessa,
          uniq_eustachio
D:6:      serial_rivers, chequers_serial_rivers_marsh,
          chequers_serial_rivers_micro_e, chequers_serial_rivers_marsh,
          chequers_serial_rivers_small_b, chequers_serial_rivers_micro_b,
          chequers_serial_rivers_micro_d, serial_bayou_lagoon_b,
          uniq_blork_the_orc, uniq_edmund
D:7:      serial_shops, nicolae_shop_trees,
          nicolae_ossuary_entry_false_entrances, uniq_harold
D:8:      elyvilon_altar_4, fedhas_altar_4, uniq_joseph
D:9:      kennysheep_mini_moat, serial_shops, shop, nicolae_shop_crystal,
          nicolae_shop_behind_doors, kennysheep_mini, serial_bayou_ford_a
D:10:     uniq_snorg
D:11:     david_lair_generic, erik_orc_3, hangedman_ranch
Temple:   regret_index_temple_waves
Orc:1:    serial_shops, nicolae_shop_waterfront, bh_open_orc_temple
Orc:2:    grunt_orc_cross, mines2_david, uniq_azrael
Ossuary:  ossuary_boxes_badplayer

Skill      XL: |  1  2  3  4  5  6  7  8  9 10 11 12 |
---------------+-------------------------------------+-----
Axes           | 3 4 5 6 7 8 9 10 | 10.0
Armour         | 3 4 5 6 7 8 |  8.0
Shields        | 3 4 5 6 7 8 9 |  9.0
Invocations    | 1 3 6 7 9 12 | 12.7
Evocations     | 2 5 |  5.0
Dodging        | 1 |  1.0
Fighting       | |  3.3

Action                   |  1- 3 |  4- 6 |  7- 9 | 10-12 || total
-------------------------+-------+-------+-------+-------++-------
Melee: War axe           |   141 |   121 |   616 |   765 ||  1643
Invok: Upheaval          |       |       |       |    18 ||    18
 Abil: Spit Poison       |     6 |    12 |    17 |     7 ||    42
Evoke: Wand              |       |       |     9 |    16 ||    25
       Box of beasts     |       |       |       |     1 ||     1
  Use: Scroll            |       |     5 |    13 |     7 ||    25
       Potion            |       |     1 |     1 |     4 ||     6
  Eat: Chunk             |       |     3 |     9 |    12 ||    24
       Ration            |       |       |     4 |     2 ||     6
Armor: Plate armour      |   129 |    94 |   249 |       ||   472
       Scale mail        |     3 |       |       |       ||     3
       Skin              |       |     5 |       |       ||     5
       Chain mail        |       |       |   140 |   178 ||   318
       Troll leather arm |       |       |       |   178 ||   178
Dodge: Dodged            |     8 |     5 |    48 |   108 ||   169
Block: Shield            |    99 |    95 |   446 |   663 ||  1303

Table legend:
 A = Non-vault XP
 B = Vault XP
 C = Vault XP percentage of total XP
 D = Non-vault monster count
 E = Vault monster count
 F = Vault count percentage of total count
                 A         B        C        D         E       F
            +---------+---------+-------+---------+---------+-------
      Total |   22364 |    8436 |  27.4 |     276 |     103 |  27.2
            +---------+---------+-------+---------+---------+-------
        D:1 |      43 |       1 |   2.3 |      23 |       1 |   4.2
        D:2 |     290 |       0 |   0.0 |      29 |       0 |   0.0
        D:3 |     126 |      73 |  36.7 |      29 |       2 |   6.5
        D:4 |      46 |     294 |  86.5 |       4 |      15 |  78.9
        D:5 |     969 |     860 |  47.0 |      28 |      13 |  31.7
        D:6 |     839 |    1149 |  57.8 |      20 |       2 |   9.1
        D:7 |     680 |       0 |   0.0 |      19 |       0 |   0.0
        D:8 |     988 |     466 |  32.0 |      13 |       1 |   7.1
        D:9 |    2789 |       0 |   0.0 |      23 |       0 |   0.0
       D:10 |    4600 |    2407 |  34.4 |      33 |       8 |  19.5
       D:11 |    9035 |    2605 |  22.4 |      40 |      23 |  36.5
      Orc:1 |    1956 |     142 |   6.8 |      14 |       1 |   6.7
      Orc:2 |       3 |       0 |   0.0 |       1 |       0 |   0.0
    Ossuary |       0 |     439 | 100.0 |       0 |      37 | 100.0
            +---------+---------+-------+---------+---------+-------
